AoeStats
← RDalton77

Black Forest

504941124Analyzed
1v1 RM · 25d ago on Sep 7, 2026· 25m 52s· 2 players
Game mode
Random Map
Map size
Tiny (2 player)
Population
200
Speed
Normal
Resources
Standard
Victory
Conquest
Starting age
Dark Age
Ending age
Imperial Age
RankedLock teamsTeams togetherTeam positionsShared explorationLock speedFull tech treeHidden civsTurbo modeCheats
Victory
Defeat
🇨🇦 Armenians · Canada
940
+17
🇦🇺 Portuguese · Australia
957
-17
jordo8008
0:42 Loom
11:00 Feudal Age
12:29 Man-at-Arms
14:26 Long Swordsman
18:57 Scale Mail Armor
RDalton77
7:58 Loom
10:11 Feudal Age
10:15 Man-at-Arms
11:00 Double-Bit Axe
13:10 Horse Collar
15:29 Forging
17:45 Arson
18:51 Fletching
21:51 Gold Mining
27:39 Castle Age
Connection lost

Rejoining the realm…

Still unreachable

The connection could not be restored.

Session expired

The server has moved on; the page needs a fresh start.